 Dungeon Crawl Stone Soup version 0.21.1-1-g345015fe64 (webtiles) character file.

495 Oravi the Changer (level 7, -3/48 HPs)
             Began as a Merfolk Transmuter on Apr 13, 2018.
             Slain by a phantom (7 damage)
             ... on level 4 of the Dungeon.
             The game lasted 00:11:23 (3560 turns).

Oravi the Changer (Merfolk Transmuter)              Turns: 3560, Time: 00:11:23

Health: -3/48      AC:  3    Str: 10    XL:     7   Next: 15%
Magic:  8/10       EV: 14    Int: 15    God:
Gold:   70         SH:  0    Dex: 14    Spells: 4/10 levels left

rFire    + . .     SeeInvis .     - Unarmed
rCold    . . .     Gourm    .   (no shield)
rNeg     . . .     Faith    .   b - +0 robe
rPois    .         Spirit   .   (no helmet)
rElec    .         Reflect  .   (no cloak)
rCorr    .         Harm     .   (no gloves)
MR       .....                  h - +0 pair of boots
Stlth    +.........             (no amulet)
HPRegen  0.16/turn              i - ring of protection from fire
MPRegen  0.12/turn              (no ring)

@: berserk cooldown, slowed, very slow
A: change form in water, swift swim, stealthy swim
a: no special abilities


You were on level 4 of the Dungeon.
You were not hungry.

You visited 1 branch of the dungeon, and saw 4 of its levels.

You collected 70 gold pieces.

Inventory:

Missiles
 a - 68 arrows
Armour
 b - a +0 robe (worn)
 h - a +0 pair of boots (worn)
Jewellery
 i - a ring of protection from fire (left hand)
Scrolls
 f - a scroll of remove curse
 g - a scroll of identify
 l - a scroll of enchant armour {unknown}
Potions
 e - 3 potions of brilliance
 j - 2 potions of cancellation
Books
 c - a book of Changes

   Spells                             Type                      Level
   a - Beastly Appendage              Transmutation                1
   b - Sticks to Snakes               Transmutation                2
   c - Spider Form                    Transmutation/Poison         3
   d - Ice Form                       Ice/Transmutation            4
   e - Blade Hands                    Transmutation                5
Comestibles
 d - 9 rations
 m - a chunk of flesh


   Skills:
 - Level 1.3 Fighting
 + Level 4.4 Dodging
 + Level 6.1 Unarmed Combat
 - Level 2.0 Spellcasting
 * Level 6.2 Transmutations
 * Level 2.0 Poison Magic


You had 4 spell levels left.
You knew the following spells:

 Your Spells              Type           Power        Failure   Level  Hunger
a - Beastly Appendage     Tmut           ###...       1%          1    #......
b - Sticks to Snakes      Tmut           ###.....     2%          2    ###....
c - Spider Form           Tmut/Pois      ##........   12%         3    ###....


Dungeon Overview and Level Annotations

Branches:
Dungeon (4/15)
 Temple: D:4-7

Altars:
Qazlal


Message History

The phantom hits you!
* * * LOW HITPOINT WARNING * * *
The phantom blinks!
You feel a strong urge to attack something.
You feel yourself speed up.
You are no longer berserk.
You are exhausted.
You feel yourself slow down. The phantom closely misses you.
Okay, then.
The phantom blinks!
The phantom blinks!
Eating one of 2 chunks of flesh.
You eat one of the 2 chunks of flesh.
This raw flesh tastes terrible.
Your transformation has ended.
Your +0 pair of boots unmelds from your body.
Your +0 robe unmelds from your body.
The phantom closely misses you. The phantom misses you.
There is a stone staircase leading up here.
The phantom hits you!
You die...

..)
#.#..###..PPPP♣P♣..P#
.
..##..##..♣P♣♣♣♣♣.♣P#
##.###.#.♣..♣♣P♣♣♣..##
.).........PP..P.♣..##
###........#...P..#.#
#........###..##..#
#........# ##....##
#........####.##..#
#.........W@#.###.##
.....###..##...P.....#
##.#. ##..##♣..P..#.#
#.# ... .♣♣♣♣.#.#
#.... . ...# #....PP
.. #....P. . ### #P.


You could see a phantom.

Vanquished Creatures
  Sigmund (D:2)
  2 orc priests
  An iguana (D:4)
  Natasha (thrice) (D:2)
  2 orc wizards
  3 adders
  2 worms (D:2)
  A dart slug (D:2)
  A leopard gecko (D:3)
  13 orcs
  6 bats
  2 giant cockroaches
  10 goblins
  11 hobgoblins
  3 jackals (D:3)
  9 kobolds
  A ball python (D:3)
  4 frilled lizards
  7 rats
  2 bushes (D:3)
  A plant (D:3)
85 creatures vanquished.

Notes
Turn   | Place    | Note
-------+----------+-------------------------------------------
     0 | D:1      | Oravi the Merfolk Transmuter began the quest for the Orb.
     0 | D:1      | Reached XP level 1. HP: 15/15 MP: 3/3
   299 | D:1      | Reached XP level 2. HP: 21/21 MP: 3/5
  1409 | D:2      | Noticed Natasha
  1418 | D:2      | Noticed a crimson imp
  1419 | D:2      | Reached XP level 3. HP: 21/26 MP: 6/6
  1420 | D:2      | Noticed Sigmund
  1426 | D:2      | Killed Natasha
  1445 | D:2      | Killed Sigmund
  1445 | D:2      | Reached skill level 5 in Unarmed Combat
  1445 | D:2      | Reached skill level 5 in Transmutations
  1445 | D:2      | Reached XP level 4. HP: 14/32 MP: 7/7
  1445 | D:2      | Reached XP level 5. HP: 16/37 MP: 8/8
  1648 | D:2      | Learned a level 2 spell: Sticks to Snakes
  1652 | D:2      | Learned a level 3 spell: Spider Form
  1672 | D:2      | Noticed Natasha
  1675 | D:2      | Killed Natasha
  1675 | D:2      | Reached XP level 6. HP: 33/43 MP: 1/9
  2205 | D:2      | Noticed Natasha
  2213 | D:2      | Killed Natasha
  2737 | D:3      | Reached skill level 1 in Poison Magic
  3519 | D:4      | Found a stormy altar of Qazlal.
  3527 | D:4      | Noticed a phantom
  3534 | D:4      | Reached XP level 7. HP: 31/48 MP: 7/10
  3549 | D:4      | HP: 3/72 [phantom (8)]
  3560 | D:4      | Slain by a phantom

Skill      XL: |  1  2  3  4  5  6  7 |
---------------+----------------------+-----
Transmutations | 3 5 6 |  6.2
Unarmed Combat | 4 5 6 |  6.1
Dodging        | 3 4 |  4.4
Poison Magic   | 1 2 |  2.0
Fighting       | |  1.3
Spellcasting   | |  2.0

Action                   |  1- 3 |  4- 6 |  7- 9 || total
-------------------------+-------+-------+-------++-------
Melee: Unarmed           |    89 |   238 |     9 ||   336
       Headbutt          |     6 |     1 |       ||     7
       Punch             |     2 |     3 |       ||     5
 Cast: Beastly Appendage |    18 |     1 |       ||    19
       Spider Form       |       |    29 |     1 ||    30
  Use: Scroll            |     5 |     2 |       ||     7
       Potion            |     3 |       |     1 ||     4
 Stab: Distracted        |       |     1 |       ||     1
  Eat: Chunk             |     2 |    11 |     1 ||    14
Armor: Robe              |     7 |     1 |       ||     8
       Skin              |       |     2 |       ||     2
Dodge: Dodged            |    54 |   110 |    13 ||   177
